 Dungeon Crawl Stone Soup version 0.15.0-12-gccce430 (webtiles) character file.

72 Johnny the Digger (level 3, -5/27 HPs)
             Began as a Demigod Earth Elementalist on Sept 1, 2014.
             Killed by divine providence
             ... invoked by an orc priest
              (14 damage)
             ... on Level 3 of the Dungeon.
             The game lasted 00:06:19 (2535 turns).

Johnny the Digger (Demigod Earth Elementalist)      Turns: 2535, Time: 00:06:19

HP  -5/27        AC  4     Str 17      XL: 3   Next: 82%
MP   1/8         EV 20     Int 25      God:
Gold 78          SH  0     Dex 21      Spells:  2 memorised,  2 levels left

rFire  . . .     SeeInvis .     p - +3 hand axe
rCold  . . .     Clarity  .     B - +0 leather armour
rNeg   . . .     rCorr    .     (no shield)
rPois  .         rRot     .     w - +0 helmet
rElec  .         Spirit   .     (no cloak)
SustAb .         Warding  .     (no gloves)
rMut   .         Stasis   .     (no boots)
Gourm  +                        k - amulet of the gourmand
MR     .....                    (no ring)
                                (no ring)

@: mighty, brilliant, agile, very slightly contaminated, not resistant to
hostile enchantments, fairly stealthy
A: repulsion field 1
a: no special abilities


You were on level 3 of the Dungeon.
You were very full.

You visited 1 branch of the dungeon, and saw 3 of its levels.

You collected 78 gold pieces.

Inventory:

Hand weapons
 g - a +0 hand axe
 p - a +3 hand axe (weapon)
Missiles
 b - 53 stones (quivered)
 q - 30 arrows
Armour
 c - a +0 robe
 w - a +0 helmet (worn)
 B - a +0 leather armour (worn)
Comestibles
 a - 3 bread rations
 m - a slice of pizza
 o - 2 beef jerkies
Scrolls
 e - 3 scrolls of random uselessness
 h - 2 scrolls of blinking
 i - 3 scrolls of remove curse
 j - a scroll of magic mapping {unknown}
 u - a scroll of enchant armour {unknown}
 C - a scroll of teleportation {unknown}
Jewellery
 k - an amulet of the gourmand (around neck)
 y - an uncursed ring of magical power {unknown}
 A - a +3 ring of protection {unknown}
 D - an uncursed ring of protection from magic {unknown}
Potions
 f - a potion of agility
 x - a potion of might
Books
 d - a book of Geomancy

   Spells                             Type                      Level
   *Sandblast                         Earth                        1
   Stoneskin                          Transmutation/Earth          2
   Passwall                           Transmutation/Earth          3
   *Stone Arrow                       Conjuration/Earth            3
   Petrify                            Transmutation/Earth          4
   Lee's Rapid Deconstruction         Earth                        5


   Skills:
 + Level 0.5 Fighting
 + Level 0.8 Axes
 + Level 2.5 Dodging
 + Level 2.1 Stealth
 + Level 2.2 Spellcasting
   Level 0.8 Transmutations
 + Level 3.2 Earth Magic


You had 2 spell levels left.
You knew the following spells:

 Your Spells              Type           Power        Failure   Level  Hunger
a - Sandblast             Erth           ####..       1%          1    None
b - Stone Arrow           Conj/Erth      ####..       2%          3    ###....


Dungeon Overview and Level Annotations

Branches:
Dungeon (3/15)


Innate Abilities, Weirdness & Mutations

You are surrounded by a mild repulsion field (EV +2).


Message History

You don't have enough magic to cast that spell.
Casting: Stone Arrow
Confirm with . or Enter, or press ? or * to list all spells.
Aiming: Sandblast
Press: ? - help, Shift-Dir - straight line, f/p - orc
Aim: an orc, wielding a short sword and wearing a scale mail The blast of sand hits the orc.
The orc hits you with a short sword.
You open the door. The orc completely misses you.
There is an open door here.
The orc priest becomes somewhat translucent.
The orc priest invokes the aid of Beogh against you.
Something smites you!
The orc priest utters an invocation to Beogh.
You feel a wave of unholy energy pass over you.
The orc priest utters an invocation to Beogh.
You feel a wave of unholy energy pass over you.
The orc priest invokes the aid of Beogh against you.
Something smites you!
Ouch! That really hurt!
You die...

##.########.#######.##### #.#
#.# #...# #.# #.# #.#.# #####.#
##'## #...# #.....#
##...#######.##### #.#####
##.....##.........# #.##.##
##.......#.###..##.#
#.#...####..........###...#.###
#........+....@................
#.#...####....o.....###.....###
#.##.## ##...g...#.# ##.##.#
#.#### ##.....##.# ## .# #....#
##.o.###.. # ####.# ##'## ####
#.# #.# #.# #######.### #.#
#......o..#


You could see an orc priest, 2 orcs and a goblin.

Vanquished Creatures
  Jessica (D:2)
  A giant mite (D:1)
  An adder (D:2)
  A worm (D:2)
  An orc (D:3)
  A ball python (D:3)
  6 goblins
  3 hobgoblins
  4 bats
  2 giant cockroaches
  A giant newt (D:1)
  4 kobolds
  11 rats
37 creatures vanquished.

Notes
Turn   | Place    | Note
--------------------------------------------------------------
     0 | D:1      | Johnny, the Demigod Earth Elementalist, began the quest for the Orb.
     0 | D:1      | Reached XP level 1. HP: 14/14 MP: 3/3
   563 | D:1      | Reached XP level 2. HP: 11/20 MP: 4/4
   839 | D:1      | Reached skill level 3 in Earth Magic
  1341 | D:2      | Reached XP level 3. HP: 11/26 MP: 8/8
  1713 | D:2      | Found a sparkling altar of Nemelex Xobeh.
  1714 | D:2      | Noticed a scorpion
  1714 | D:2      | Noticed a sky beast
  1976 | D:2      | Noticed Jessica
  1984 | D:2      | Killed Jessica
  2155 | D:2      | Learned a level 3 spell: Stone Arrow
  2513 | D:3      | Gained mutation: You are surrounded by a mild repulsion field (EV +2). [potion of mutation]
  2513 | D:3      | Gained mutation: You are partially covered in yellow scales (AC +2). [potion of mutation]
  2513 | D:3      | Lost mutation: You are partially covered in yellow scales (AC +2). [potion of mutation]
  2535 | D:3      | Killed from afar by an orc priest

Action                   || total
-------------------------++-------
Melee: Unarmed           ||    12
       Hand axe          ||    87
Throw: Stone             ||     1
 Cast: Sandblast         ||    17
       Stone Arrow       ||     3
  Use: Potion            ||     8
       Scroll            ||     3
 Stab: Sleeping          ||     1
  Eat: Chunk             ||    15
